 Dungeon Crawl Stone Soup version 0.24.1-14-gf8d2b509d9 (webtiles) character file.

Game seed: 11164988008342119091, levelgen mode: deterministic

4378 Jumperg the Archer (level 10, -2/77 HPs)
             Began as a Centaur Arcane Marksman on June 18, 2020.
             Was an Elder of Okawaru.
             Slain by a centaur
             ... wielding a cursed -2 shortbow
              (4 damage)
             ... on level 8 of the Dungeon on June 19, 2020.
             The game lasted 02:36:10 (12386 turns).

Jumperg the Archer (Centaur Arcane Marksman)       Turns: 12386, Time: 02:36:11

Health: -2/77      AC:  9    Str: 13    XL:     10   Next: 13%
Magic:  0/19       EV:  8    Int: 14    God:    Okawaru [****..]
Gold:   508        SH:  0    Dex: 11    Spells: 10/21 levels left

rFire    . . .     SeeInvis .   b - +2 falchion (elec)
rCold    . . .     Gourm    .   (no shield)
rNeg     . . .     Faith    +   i - +0 robe {MR+}
rPois    .         Spirit   +   O - +0 helmet
rElec    .         Reflect  .   I - scarf {Spirit}
rCorr    .         Harm     .   (no gloves)
MR       +....                  p - +0 centaur barding
Stlth    +.........             A - amulet of faith
HPRegen  0.22/turn              (no ring)
MPRegen  0.16/turn              (no ring)

@: fainting, very quick
A: large, hooves 3, deformed body, speed 2, tough skin 3
a: Heroism, Renounce Religion


You were on level 8 of the Dungeon.
You worshipped Okawaru.
Okawaru was greatly pleased with you.
You were fainting.

You visited 2 branches of the dungeon, and saw 9 of its levels.
You also visited: Bailey.

You collected 508 gold pieces.

Inventory:

Hand Weapons
 a - a +0 shortbow
 b - a +2 falchion of electrocution (weapon)
 l - a +2 flail of protection
 t - a +0 hand axe
 x - a +0 hunting sling
 P - a +4 trident
Missiles
 d - 15 javelins
 g - 266 stones
 k - 29 poisoned darts (quivered)
 q - 58 bolts
 u - 23 sling bullets
 w - 20 boomerangs
Armour
 i - a +0 robe of magic resistance (worn)
 p - a +0 centaur barding (worn)
 G - the +2 scale mail of Weightlessness {Stlth+}
   (You found it in a bailey)

   It makes you more stealthy.
 I - a scarf of spirit shield (worn)
 K - a +0 cloak
 O - a +0 helmet (worn)
Jewellery
 A - an amulet of faith (around neck)
Wands
 B - a wand of random effects (14)
Scrolls
 h - 5 scrolls of enchant weapon
 n - 4 scrolls of immolation
 o - 7 scrolls of remove curse
 v - a scroll of teleportation {unknown}
 y - a scroll of fog {unknown}
 z - a scroll of fear {unknown}
 C - a scroll of noise {unknown}
 H - a scroll of amnesia {unknown}
 L - a scroll of summoning {unknown}
 M - a scroll of holy word {unknown}
Potions
 c - 2 potions of curing
 e - 3 potions of brilliance
 j - 3 potions of haste
 m - 2 potions of mutation
 r - 2 potions of flight
 D - 2 potions of lignification
 E - 2 potions of heal wounds {unknown}
 J - a potion of invisibility {unknown}
 N - 2 potions of berserk rage {unknown}
Comestibles
 f - 14 rations


   Skills:
 + Level 3.0 Fighting
 + Level 11.1 Bows
 - Level 1.3 Dodging
 - Level 6.0 Spellcasting
 - Level 6.0 Hexes
 * Level 5.9 Translocations


You had 10 spell levels left.
You knew the following spells:

 Your Spells              Type           Power        Failure   Level  Hunger
a - Corona                Hex            ###....      1%          1    None
b - Slow                  Hex            ###.....     1%          2    #......
c - Portal Projectile     Hex/Tloc       ###...       4%          3    ###....
d - Summon Mana Viper     Hex/Summ       ##......     77%         5    ######.

Your spell library contained the following spells:

 Spells                   Type           Power        Failure   Level  Hunger
 Cause Fear               Hex            ###.......   13%         4    ####...
 Inner Flame              Hex/Fire       ##......     14%         3    ###....
 Recall                   Summ/Tloc      N/A          14%         3    ###....
 Leda's Liquefaction      Hex/Erth       ##........   41%         4    ####...
 Summon Forest            Summ/Tloc      ##........   78%         5    ######.
 Aura of Abjuration       Summ           #.........   99%         5    ######.
 Summon Demon             Summ           #.........   99%         5    ######.
 Shadow Creatures         Summ           N/A          100%        6    #######
 Malign Gateway           Summ/Tloc      ##........   100%        7    #######
 Monstrous Menagerie      Summ           #.........   100%        7    #######
 Summon Greater Demon     Summ           #.........   100%        7    #######
 Summon Horrible Things   Summ           #.........   100%        8    #######


Dungeon Overview and Level Annotations

Branches:
Dungeon (8/15)             Temple (1/1) D:6          Bailey (visited)
   Lair: D:8-11

Altars:
Ashenzari
Cheibriados
Dithmenos
Elyvilon
Fedhas
Gozag
Hepliaklqana
Kikubaaqudgha
Makhleb
Nemelex Xobeh
Okawaru
Qazlal
Ru
Sif Muna
Trog
Uskayaw
Vehumet
Xom
Yredelemnul
Zin
The Shining One


Innate Abilities, Weirdness & Mutations

You have hooves in place of feet.
Armour fits poorly on your strangely shaped body.
You cover ground very quickly.
You have extremely tough skin. (AC +3)


Message History

* * * LOW HITPOINT WARNING * * *
The centaur hits you with a cursed -2 shortbow.
* * * LOW HITPOINT WARNING * * *
The centaur hits you but does no damage.
The centaur hits you but does no damage.
The centaur hits you with a cursed -2 shortbow.
* * * LOW HITPOINT WARNING * * *
You can move again.
There is an open door, spattered with blood here.
You barely miss the centaur.
The centaur is heavily wounded.
The centaur hits you with a cursed -2 shortbow.
* * * LOW HITPOINT WARNING * * *
The centaur barely misses you.
You riposte.
You hit the centaur but do no damage.
The centaur is heavily wounded.
You hit the centaur. Your kick misses the centaur.
The centaur is severely wounded.
The centaur hits you with a cursed -2 shortbow.
You die...

###............(# ..y..
................###### #.......
...............(#....# #.......
.............((.#....###+#.?.[...
................+........+.......
................#........#.......
................#'#####..#.......
................#....##..#.......
.............).c@....(#..#.......
........###.)∩)(#(....#..#.......
........#....)..(######..#<......
..>.....#.............#..#.......
........#..'..........#..#.......
........#..#..........#..+.......
#########..#..........#..#.......
#......#######....#..#.......
#.......# #....#..#.......


You could see a centaur.

Vanquished Creatures
  A troll (D:7)
  2 hungry ghosts
  12 orc warriors
  A hornet zombie (D:8)
  3 ogres
  A necrophage (D:5)
  9 centaurs
  2 phantoms
  A bullfrog (D:6)
  A big kobold (D:7)
  A scorpion (D:7)
  3 howler monkeys
  A crimson imp (D:7)
  A quasit (D:6)
  4 hounds
  2 jellies
  3 orc priests
  A centaur skeleton (D:5)
  A bullfrog skeleton (D:4)
  2 iguanas
  9 orc wizards
  5 worker ants
  A hound skeleton (D:4)
  A worker ant zombie (D:5)
  12 adders
  7 gnolls
  A shadow imp (D:6)
  2 adder skeletons
  2 worms
  2 dart slugs
  4 leopard geckos
  42 orcs
  A ball python (D:2)
  2 giant cockroaches
  8 goblins
  9 hobgoblins
  16 jackals
  3 quokkas
  4 bats
  5 frilled lizards
  A jackal skeleton (D:6)
  6 kobolds
  A leopard gecko skeleton (D:4)
  6 rats
  2 bushes (D:3)
  A plant (D:3)
205 creatures vanquished.

Vanquished Creatures (others)
  A quokka (D:4)
  A plant (D:3)
2 creatures vanquished.

Grand Total: 207 creatures vanquished

Notes
Turn   | Place    | Note
-------+----------+-------------------------------------------
     0 | D:1      | Jumperg the Centaur Arcane Marksman began the quest for the
                  | Orb.
     0 | D:1      | Reached XP level 1. HP: 16/16 MP: 2/2
   312 | D:1      | Reached skill level 3 in Bows
   435 | D:1      | Reached XP level 2. HP: 23/23 MP: 3/3
   556 | D:1      | Found an iron altar of Okawaru.
   979 | D:2      | Reached XP level 3. HP: 28/28 MP: 3/5
  1079 | D:2      | Reached skill level 4 in Bows
  1133 | D:2      | Reached XP level 4. HP: 33/35 MP: 3/6
  1969 | D:2      | Reached XP level 5. HP: 39/40 MP: 8/8
  2257 | D:2      | Reached skill level 5 in Bows
  2261 | D:2      | Learned a level 2 spell: Slow
  2674 | D:3      | Found a faded altar of an unknown god.
  2749 | D:3      | Reached XP level 6. HP: 28/47 MP: 8/10
  3009 | D:1      | Became a worshipper of Warmaster Okawaru
  3744 | D:4      | Reached skill level 6 in Bows
  4220 | D:3      | Reached XP level 7. HP: 44/52 MP: 9/11
  4295 | D:4      | Reached * piety under Okawaru
  4336 | D:4      | Found a white marble altar of Elyvilon.
  4402 | D:4      | Reached skill level 5 in Hexes
  4715 | D:5      | Entered Level 5 of the Dungeon
  4758 | D:5      | Found an opulent altar of Gozag.
  4839 | D:5      | Reached skill level 7 in Bows
  5072 | D:5      | Noticed a hungry ghost
  5142 | D:5      | Killed a hungry ghost
  5142 | D:5      | Reached ** piety under Okawaru
  5142 | D:5      | Reached XP level 8. HP: 59/59 MP: 11/14
  5147 | D:5      | Learned a level 3 spell: Portal Projectile
  5516 | D:5      | Reached skill level 8 in Bows
  5648 | D:6      | Found a staircase to the Ecumenical Temple.
  5668 | D:6      | Found an ancient bone altar of Kikubaaqudgha.
  6246 | D:6      | Reached skill level 1 in Translocations
  6334 | D:6      | Reached *** piety under Okawaru
  6913 | D:6      | Reached skill level 9 in Bows
  7015 | D:6      | Reached skill level 5 in Spellcasting
  7867 | Temple   | Entered the Ecumenical Temple
  8253 | D:7      | Reached XP level 9. HP: 64/64 MP: 16/16
  8528 | D:7      | Noticed a troll
  8820 | D:7      | Killed a troll
  9048 | D:8      | Found a flagged portal.
  9104 | D:8      | Reached **** piety under Okawaru
  9106 | Bailey   | Entered a bailey
  9137 | Bailey   | Reached skill level 10 in Bows
 10999 | Bailey   | Reached skill level 5 in Translocations
 11556 | Bailey   | Reached XP level 10. HP: 74/74 MP: 17/19
 11596 | Bailey   | Got a spiked scale mail
 11605 | Bailey   | Learned a level 5 spell: Summon Mana Viper
 11615 | Bailey   | Identified the +2 scale mail of Weightlessness {Stlth+}
                  | (You found it in a bailey)
 11825 | Bailey   | Reached skill level 11 in Bows
 12376 | D:8      | Paralysed by fainting for 8 turns
 12384 | D:8      | HP: 3/77 [centaur/cursed -2 shortbow (2)]
 12386 | D:8      | Slain by a centaur

Levels and vault maps discovered:
D:1:      minmay_arrival_three_doors, layout_rooms, okawaru_ov_weapons_minmay
D:2:      minmay_chambers_of_ones, layout_basic, minmay_misc_feat_roman,
          kennysheep_nondescript, minmay_misc_feat_rows
D:3:      layout_rooms, serial_forest, infiniplex_forest_clump_small,
          infiniplex_forest_clump_long, infiniplex_forest_clump_long,
          infiniplex_forest_end_3, infiniplex_forest_clump_small,
          infiniplex_forest_straight_1, chequers_ecumenical_altar_simple_redux
D:4:      layout_rooms, elyvilon_altar_4
D:5:      layout_rooms, grunt_gozag_statues, first_ration
D:6:      layout_loops_ring, overflow_temple_1_default, temple_doors_e
D:7:      minmay_cornered_nines, layout_cave_pools
D:8:      layout_gridville, nicolae_overflow_crystal_walls, enter_bailey_2
Temple:   eino_narrow_crystal_temple

Skill      XL: |  1  2  3  4  5  6  7  8  9 10 |
---------------+-------------------------------+-----
Bows           | 3 4 5 6 7 9 10 11 | 11.1
Hexes          | 3 4 5 6 |  6.0
Spellcasting   | 2 3 4 5 6 |  6.0
Translocations | 2 5 |  5.9
Fighting       | 2 3 |  3.0
Dodging        | |  1.3

Action                   |  1- 3 |  4- 6 |  7- 9 | 10-12 || total
-------------------------+-------+-------+-------+-------++-------
Melee: Unarmed           |     6 |       |       |       ||     6
       Club              |    16 |       |       |       ||    16
       Kick              |     8 |    42 |    43 |     4 ||    97
       Falchion          |     7 |   200 |   179 |    37 ||   423
       Trident           |       |       |    12 |       ||    12
 Fire: Shortbow          |    34 |    52 |   200 |     4 ||   290
Throw: Stone             |     8 |       |     2 |       ||    10
       Boomerang         |       |    49 |   143 |    17 ||   209
       Dart              |       |     7 |    66 |       ||    73
       Javelin           |       |       |       |     3 ||     3
 Cast: Corona            |    13 |    34 |   115 |    14 ||   176
       Slow              |       |       |    40 |       ||    40
  Use: Scroll            |       |     5 |     6 |     1 ||    12
  Eat: Chunk             |       |     9 |    17 |     2 ||    28
       Ration            |       |       |     1 |       ||     1
Armor: Robe              |    13 |    93 |    75 |    27 ||   208
Dodge: Dodged            |    10 |    92 |    99 |    16 ||   217
       Rpst.: Falchion   |     1 |    30 |    31 |     5 ||    67
